Map: 2000 Atmospheres LE

Players

URAGANO

  • Race: Protoss Protoss
  • League: Gold
  • Spawn Location: 3:00

VolleMelk - Winner!

  • Race: Terran Terran
  • League: Gold
  • Spawn Location: 7:00

VOD

Have the link to the VOD?

Description

Time

  • Played on: Feb. 18, 2022, 10:25 a.m.
  • Length: 10:02
Show
View Real Time Build Order
Export as new Build Order

URAGANO Protoss 

Build Orders:  

Get SALT Encoding   

  12  0:01  Probe (Chrono Boost)  
  13  0:11  Probe (Chrono Boost)  
  14  0:16  Probe (Chrono Boost)  
  15  0:25  Pylon  
  15  0:30  Assimilator  
  15  0:52  Probe  
  16  1:00  Forge  
  16  1:02  Gateway  
  16  1:04  Probe (Chrono Boost)  
  17  1:15  Probe (Chrono Boost)  
  18  1:28  Pylon  
  18  1:33  Nexus  
  18  1:47  Photon Cannon  
  18  1:55  Photon Cannon  
  18  2:00  Pylon  
  18  2:10  Photon Cannon  
  18  2:22  Photon Cannon  
  18  2:39  Cybernetics Core  
  18  2:45  Pylon  
  18  2:49  Assimilator  
  18  3:06  Probe (Chrono Boost)  
  18  3:12  Probe (Chrono Boost)  
  20  3:16  Probe (Chrono Boost)  
  20  3:19  Photon Cannon  
  22  3:20  Probe (Chrono Boost)  
  22  3:23  Probe (Chrono Boost)  
  22  3:25  Probe (Chrono Boost)  
  19  3:35  Photon Cannon  
  9  4:14  Probe (Chrono Boost)  
  10  4:24  Probe (Chrono Boost)  
  8  4:50  Probe (Chrono Boost)  
  10  5:00  Probe (Chrono Boost)  
  10  5:18  Probe (Chrono Boost)  
  11  5:25  Probe (Chrono Boost)  
  13  5:29  Probe (Chrono Boost)  
  13  5:33  Probe (Chrono Boost)  
  15  5:35  Probe (Chrono Boost)  
  15  5:38  Probe (Chrono Boost)  
  16  6:03  Probe (Chrono Boost)  
  17  6:09  Probe (Chrono Boost)  
  18  6:14  Probe (Chrono Boost)  
  18  6:17  Probe (Chrono Boost)  
  20  6:20  Probe (Chrono Boost), Stargate  
  20  6:22  Probe (Chrono Boost)  
  22  6:33  Probe (Chrono Boost)  
  24  6:44  Probe (Chrono Boost)  
  24  6:45  Probe (Chrono Boost)  
  25  6:49  Probe (Chrono Boost)  
  25  6:51  Probe (Chrono Boost)  
  28  7:03  Probe (Chrono Boost)  
  28  7:04  Probe (Chrono Boost)  
  29  7:09  Void Ray (Chrono Boost), Assimilator  
  29  7:11  Probe (Chrono Boost), Assimilator  
  34  7:20  Shield Battery  
  34  7:23  Photon Cannon  
  34  7:28  Shield Battery  
  34  7:39  Photon Cannon  
  34  7:45  Photon Cannon  
  34  7:47  Protoss Air Weapons Level 1  
  34  8:04  Photon Cannon  
  34  8:05  Photon Cannon  
  30  8:11  Void Ray (Chrono Boost)  
  34  8:25  Photon Cannon  
  34  8:26  Photon Cannon  
  34  8:29  Photon Cannon, Pylon  
  34  8:33  Pylon  
  34  8:44  Void Ray  
  30  9:03  Photon Cannon x2  
  30  9:05  Photon Cannon  
  30  9:08  Shield Battery  
  25  9:10  Shield Battery  
  25  9:11  Shield Battery  
Show
View Real Time Build Order
Export as new Build Order

VolleMelk Terran - Winner!

Build Orders:  

Get SALT Encoding   

  12  0:00  SCV  
  13  0:12  SCV  
  14  0:19  Supply Depot  
  14  0:24  SCV  
  15  0:30  Refinery  
  15  0:41  SCV  
  16  0:46  Barracks  
  16  0:53  SCV  
  17  1:01  Supply Depot  
  17  1:06  SCV  
  18  1:18  Barracks  
  18  1:22  SCV  
  19  1:31  Refinery  
  19  1:34  SCV  
  20  1:42  Reaper  
  20  1:46  SCV  
  22  1:59  Orbital Command  
  22  2:05  Reaper  
  23  2:09  Factory  
  23  2:25  Reaper  
  24  2:37  Reaper  
  25  2:48  Command Center  
  25  2:57  Reaper  
  26  3:01  Factory Reactor  
  26  3:02  Factory Tech Lab  
  26  3:07  SCV  
  22  4:48  Barracks Tech Lab  
  22  4:51  Siege Tank  
  25  4:55  SCV  
  25  4:57  Orbital Command  
  26  5:00  Starport  
  26  5:02  Barracks Tech Lab  
  27  5:07  SCV  
  27  5:15  Barracks  
  27  5:16  Armory  
  27  5:18  Engineering Bay  
  27  5:19  SCV  
  27  5:20  Supply Depot  
  28  5:23  Siege Tank  
  28  5:25  SCV, Supply Depot x2  
  28  5:27  Refinery  
  32  5:31  SCV  
  32  5:32  Marauder  
  32  5:33  Marauder  
  32  5:34  Supply Depot  
  32  5:35  Supply Depot  
  37  5:37  Liberator, SCV  
  41  5:43  SCV  
  42  5:53  Marine x2  
  42  5:57  SCV  
  45  6:03  SCV  
  45  6:04  Refinery  
  46  6:09  SCV, Barracks Reactor  
  46  6:11  Marine x2  
  47  6:12  Terran Infantry Weapons Level 1  
  47  6:15  SCV  
  50  6:21  Stimpack  
  50  6:28  SCV  
  50  6:29  Marine, Marauder  
  54  6:38  Medivac  
  56  6:40  SCV  
  56  6:41  Widow Mine  
  56  6:44  Combat Shield  
  59  6:47  Marine  
  59  6:50  Marine  
  59  6:52  SCV, Barracks  
  62  6:56  Supply Depot  
  62  6:58  Supply Depot  
  62  7:04  SCV  
  63  7:13  Command Center  
  63  7:19  Marine x3, Missile Turret  
  63  7:20  Marine  
  67  7:24  Missile Turret  
  67  7:26  Medivac  
  69  7:35  SCV x2, Factory  
  71  7:37  Marine  
  71  7:38  Marauder x2  
  71  7:40  Marine  
  77  7:47  Siege Tank  
  80  7:55  Marine  
  75  8:06  Terran Infantry Armor Level 1  
  74  8:13  Viking  
  76  8:24  Starport  
  76  9:02  Marine x3, Marauder  
  80  9:04  Thor  
  80  9:06  Viking  
  89  9:20  Marine  
  89  9:21  Marauder  
  94  9:24  Marauder  
  94  9:25  Marine  
  95  9:37  Marine  
  96  9:43  Marine  
Tags
 
Add a new tag
Caveats
  • Supply blocks, unpowered buildings, or Contaminate may cause inaccurate times.
  • Supply counts are checked every 10 seconds.